 Dungeon Crawl Stone Soup version 0.31.0-32-g396128a36d (webtiles) character file.

Game seed: 6198393046176881382

634 Doomgape the Ruffian (level 7, -5/67 HPs)
             Began as a Troll Shapeshifter on Mar 10, 2024.
             Slain by an ogre
             ... wielding a +0 giant club
              (14 damage)
             ... on level 4 of the Dungeon.
             The game lasted 00:08:33 (3193 turns).

Doomgape the Ruffian (Troll Shapeshifter)           Turns: 3193, Time: 00:08:34

Health: -5/67      AC:  4    Str: 25    XL:     7   Next: 25%
Magic:  6/6        EV: 10    Int:  6    God:
Gold:   168        SH:  0    Dex:  9    Spells: 6/6 levels left

rFire   . .          .
                       - Unarmed
rCold   . . .        (no shield)
rNeg    . . .        a - +0 animal skin
rPois   .            (helmet currently unavailable)
rElec   .            (cloak currently unavailable)
rCorr   .            (gloves unavailable)
SInv    .            (boots unavailable)
Will    .....        (no amulet)
Stlth   +            (no ring)
HPRegen 1.11/turn    (no ring)
MPRegen 0.10/turn

%: no passive effects
@: beast-form
A: beast (slay +2), large, unfitting armour, claws 3, regeneration 1, shaggy fur
1, tough skin 1
a: Begin Untransformation


You were on level 4 of the Dungeon.
You were a hulking beast.
You visited 1 branch of the dungeon, and saw 4 of its levels.

You collected 168 gold pieces.

Inventory:

Armour
 a - a +0 animal skin (worn)
Jewellery
 l - a +5 ring of evasion
Talismans
 c - a beast talisman
 d - a flux talisman
Wands
 i - a wand of quicksilver (10)
 q - a wand of flame (33)
Scrolls
 e - 5 scrolls of teleportation
 f - 2 scrolls of identify
 h - a scroll of poison
Potions
 b - 3 potions of lignification
 g - a potion of degeneration {unknown}
 j - 6 potions of curing
 k - a potion of mutation {unknown}
 n - a potion of haste


   Skills:
 + Level 3.2 Fighting
 + Level 3.5 Dodging
 + Level 4.8 Unarmed Combat
 + Level 4.7 Shapeshifting


You had 6 spell levels left.
You didn't know any spells.
Your spell library contained the following spells:

 Spells                   Type           Power      Damage    Failure   Level
 Apportation              Tloc           0%         N/A       45%         1
 Jinxbite                 Hex            0%         N/A       58%         2
 Mercury Vapours          Alch/Air       0%         N/A       58%         2
 Gell's Gravitas          Tloc           0%         N/A       83%         3
 Mephitic Cloud           Conj/Alch/Air  0%         N/A       83%         3
 Teleport Other           Tloc           0%         N/A       83%         3
 Alistair's Intoxication  Alch           0%         N/A       100%        5
 Freezing Cloud           Conj/Ice/Air   0%         6-21      100%        5
 Dispersal                Tloc           0%         N/A       100%        6


Dungeon Overview and Level Annotations

Branches:
Dungeon (4/15)
 Temple: D:4-7

Altars:
Elyvilon
Okawaru
Xom
Zin
The Shining One


Innate Abilities, Weirdness & Mutations

You are a hulking beast.
Your limbs bulge with bestial killing power. (Slay +2)
You are too large for most types of armour.
You have claws for hands.
Your natural rate of healing is unusually fast.
You are covered in fur. (AC +1)
You have tough skin. (AC +1)


Message History

No target in view!
No target in view!
A ball python comes into view.
The ball python hisses angrily.
You see here a scroll of teleportation.
e - 5 scrolls of teleportation (gained 1)
You closely miss the ball python. The ball python misses you.
You mangle the ball python!!
You kill the ball python!
You see here a ball python corpse.
A hobgoblin comes into view.
The hobgoblin shouts!
The hobgoblin hits you but does no damage.
You claw the hobgoblin!
You kill the hobgoblin!
Found a stone staircase leading down.
No target in view!
Found a robe.
There is a stone staircase leading down here.
Found an ivory wand.
i - a wand of quicksilver (10)
An ogre comes into view. It is wielding a +0 giant club.
The ogre moves out of view.
No target in view!
The ogre hits you with a +0 giant club!!
You barely miss the ogre. You barely miss the ogre.
The ogre hits you with a +0 giant club!!
You are too injured to fight recklessly!
You completely miss the ogre. The ogre hits you with a +0 giant club.
* * * LOW HITPOINT WARNING * * *
You claw the ogre!
The ogre is heavily wounded.
You scratch the ogre.
The ogre is severely wounded.
The ogre hits you with a +0 giant club!
* * * LOW HITPOINT WARNING * * *
Unknown command.
The ogre attacks as it pursues you! The ogre hits you with a +0 giant club!
You die...

#..# ..# ##.## ...#
##...## ...# ###.....##
#..# ##........###..#
##..........##..#
##...............#
##..........#.....###
#..........###..h...###
...........# ###.O....#
...........#
#..........
..........##
#.......... ..........#
#........... ##
..........#
#........... #.
....[....##
#........... #.
........## #...........
##. .......##
##.......... #..


You could see an ogre.

Vanquished Creatures
  Sigmund (D:2)
  An ogre (D:4)
  A phantom (D:3)
  An orc priest (D:3)
  Crazy Yiuf (D:2)
  An iguana (D:2)
  Natasha (thrice) (D:2)
  Robin (D:2)
  A gnoll (D:3)
  3 adders
  A dart slug (D:1)
  6 orcs (D:3)
  10 ball pythons
  10 endoplasms
  2 giant cockroaches (D:1)
  15 goblins
  11 hobgoblins
  4 jackals (D:1)
  3 quokkas
  3 bats
  A frilled lizard (D:1)
  7 kobolds
  6 rats
93 creatures vanquished.

Notes
Turn   | Place    | Note
-------+----------+-------------------------------------------
     0 | D:1      | Doomgape the Troll Shapeshifter began the quest for the
                  | Orb.
     0 | D:1      | Reached XP level 1. HP: 18/18 MP: 0/0
    20 | D:1      | Reached skill level 1 in Fighting
    88 | D:1      | Reached XP level 2. HP: 27/27 MP: 1/1
   337 | D:1      | Reached XP level 3. HP: 33/33 MP: 2/2
   744 | D:2      | Noticed Natasha
   747 | D:2      | Killed Natasha
   748 | D:2      | Reached XP level 4. HP: 41/41 MP: 3/3
   802 | D:2      | Noticed Sigmund
   806 | D:2      | Killed Sigmund
   807 | D:2      | Reached XP level 5. HP: 44/50 MP: 4/4
   897 | D:2      | Noticed Natasha
   901 | D:2      | Killed Natasha
   902 | D:2      | Reached XP level 6. HP: 59/59 MP: 5/5
  1005 | D:2      | Noticed Robin
  1025 | D:2      | Killed Robin
  1102 | D:2      | Found a runed translucent door.
  1103 | D:2      | Noticed Crazy Yiuf
  1109 | D:2      | Killed Crazy Yiuf
  1262 | D:2      | Noticed Natasha
  1270 | D:2      | Killed Natasha
  1671 | D:3      | Found an iron altar of Okawaru.
  1706 | D:3      | Found a shimmering altar of Xom.
  1858 | D:3      | Found a glowing silver altar of Zin.
  1858 | D:3      | Found a white marble altar of Elyvilon.
  1858 | D:3      | Found a glowing golden altar of the Shining One.
  2224 | D:3      | Found a shimmering altar of Xom.
  2246 | D:3      | Reached XP level 7. HP: 62/67 MP: 6/6
  2313 | D:3      | Identified the +12 mace of Debt {venom, Will- Str+2 Int+3
                  | Stlth+}
  2644 | D:3      | Identified the +1 dagger "Geimieb" {freeze, Stlth+}
  3193 | D:4      | Slain by an ogre

Illustrated notes

Levels and vault maps discovered:
D:1:      lemuel_arrival_behind_the_door_small, layout_loops_ring,
          minmay_tromino_i2
D:2:      layout_loops_ring, uniq_natasha, uniq_robin, uniq_crazy_yiuf_cottage,
          uniq_sigmund
D:3:      layout_basic, dreamdust_divine_triumvirate, okawaru_altar_gauntlet_db,
          xom_redecorated, grunt_ministairs_7
D:4:      layout_cave_pods

Skill      XL: |  1  2  3  4  5  6 |
---------------+-------------------+-----
Fighting       | 1 2 3 |  3.2
Dodging        | 2 3 |  3.5
Unarmed Combat | 4 |  4.8
Shapeshifting  | 4 |  4.7

Action                     |  1- 3 |  4- 6 |  7- 9 || total
---------------------------+-------+-------+-------++-------
  Melee: Unarmed           |    56 |    89 |    47 ||   192
         Punch             |       |     1 |     2 ||     3
    Use: Scroll            |     1 |     8 |       ||     9
   Stab: Sleeping          |     1 |       |       ||     1
 Armour: Animal skin       |    29 |    57 |    21 ||   107
  Dodge: Dodged            |    31 |    35 |    20 ||    86
